 Dungeon Crawl Stone Soup version 0.16.1-30-g34a7ffa (webtiles) character file.

7340 joy the Covert (level 10, 44/44 HPs)
             Began as a Spriggan Enchanter on June 20, 2015.
             Was a Priest of Kikubaaqudgha.
             Quit the game on level 9 of the Dungeon.
             The game lasted 00:32:45 (12130 turns).

joy the Covert (Spriggan Enchanter)                Turns: 12130, Time: 00:32:45

Health: 44/44      AC:  5    Str:  4    XL:     10   Next: 91%
Magic:  31/31      EV: 23    Int: 26    God:    Kikubaaqudgha [***...]
Gold:   217        SH:  0    Dex: 21    Spells: 5 memorised, 19 levels left

rFire  + + .     SeeInvis +     Q - +1 dagger (drain) (curse)
rCold  + . .     Clarity  .     D - +2 robe {rC+}
rNeg   . . .     SustAb   .     (shield restricted)
rPois  .         Gourm    .     (helmet restricted)
rElec  .         Spirit   .     w - +0 cloak
rCorr  .         Warding  .     (gloves unavailable)
rMut   .         Stasis   .     (boots unavailable)
MR     +....                    (no amulet)
Stlth  +++++.....               U - ring "Eharee" {Contam +Inv rF++ Int+5 Dex+5 SInv}
                                r - +4 ring of evasion

@: very quick, somewhat resistant to hostile enchantments, quite stealthy
A: unfitting armour, see invisible, herbivore 3, speed 3, slow metabolism 2
a: Receive Corpses, Renounce Religion, Evoke Invisibility


You were on level 9 of the Dungeon.
You worshipped Kikubaaqudgha.
Kikubaaqudgha was most pleased with you.
You were hungry.

You visited 2 branches of the dungeon, and saw 10 of its levels.

You collected 530 gold pieces.
You spent 313 gold pieces at shops.

Inventory:

Hand weapons
 b - a +0 short sword
 E - a +1 short sword of distortion
 Q - a cursed +1 dagger of draining (weapon)
 R - a +3 dagger
 V - a +0 vampiric short sword
Missiles
 j - 4 throwing nets (quivered)
 o - 6 needles of sleeping
 y - 32 poisoned needles
Armour
 w - a +0 cloak (worn)
 D - a +2 robe of cold resistance (worn)
 J - a +0 buckler of poison resistance
Jewellery
 f - an uncursed ring of wizardry
 m - an uncursed ring of positive energy
 r - a +4 ring of evasion (left hand)
 u - an uncursed ring of teleportation
 I - an uncursed ring of sustain abilities
 P - an uncursed ring of stealth
 U - the ring "Eharee" (right hand) {Contam +Inv rF++ Int+5 Dex+5 SInv}
   (You found it on level 9 of the Dungeon)

   [ring of dexterity]

   It affects your intelligence (+5).
   It affects your dexterity (+5).
   It greatly protects you from fire.
   It enhances your eyesight.
   It lets you turn invisible.
   It causes magical contamination when unequipped.
Magical devices
 a - a wand of teleportation (4)
 h - a wand of random effects (34)
 z - a wand of polymorph (18)
 L - a wand of cold (3)
 M - a wand of polymorph (10)
 O - a wand of lightning (5)
 T - a wand of enslavement (13)
Scrolls
 e - 2 scrolls of fog
 g - 3 scrolls of magic mapping {unknown}
 k - 7 scrolls of identify {unknown}
 l - 2 scrolls of remove curse
 s - 3 scrolls of immolation {unknown}
 t - a scroll of noise {unknown}
 v - 2 scrolls of blinking
 x - 2 scrolls of enchant weapon {unknown}
 B - 4 scrolls of teleportation
 W - a scroll of recharging {unknown}
Potions
 i - a potion of haste
 n - 3 potions of curing
 p - 2 potions of poison
 q - a potion of might
 A - a potion of restore abilities {unknown}
 C - 2 potions of agility {unknown}
 F - a potion of heal wounds
 K - a potion of berserk rage
Books
 c - a book of Maledictions

   Spells                             Type                      Level
   a - Corona                         Hexes                        1
   b - Sure Blade                     Hexes/Charms                 2
   c - Ensorcelled Hibernation        Hexes/Ice                    2
   d - Confuse                        Hexes                        3
   e - Dazzling Spray                 Conjuration/Hexes            3
   f - Enslavement                    Hexes                        4
 H - Kikubaaqudgha's Compendium of Evil
   (Kikubaaqudgha gifted it to you on level 6 of the Dungeon)

   Spells                             Type                      Level
   a - Pain                           Necromancy                   1
   b - Corpse Rot                     Necromancy                   2
   c - Sublimation of Blood           Necromancy                   2
   d - Vampiric Draining              Necromancy                   3
   e - Control Undead                 Necromancy                   4
 S - Kikubaaqudgha's Grimoire of Evil
   (Kikubaaqudgha gifted it to you on level 8 of the Dungeon)

   Spells                             Type                      Level
   a - Animate Dead                   Necromancy                   4
   b - Excruciating Wounds            Charms/Necromancy            5
   c - Cigotuvi's Embrace             Necromancy                   5
   d - Dispel Undead                  Necromancy                   5
   e - Simulacrum                     Ice/Necromancy               6
Comestibles
 d - 9 bread rations
 G - 2 fruits
 N - 8 slices of pizza


   Skills:
 - Level 5.0 Short Blades
 + Level 3.2 Dodging
 - Level 10.1 Stealth
 - Level 10.0 Spellcasting
 - Level 10.0 Hexes
 - Level 5.0 Necromancy
 - Level 7.0 Ice Magic


You had 19 spell levels left.
You knew the following spells:

 Your Spells              Type           Power        Failure   Level  Hunger
a - Pain                  Necr           ####         1%          1    None
b - Ensorcelled Hibernat  Hex/Ice        ######       1%          2    None
c - Confuse               Hex            ######..     1%          3    None
d - Corona                Hex            ######.      1%          1    None
e - Dazzling Spray        Conj/Hex       #####...     1%          3    None


Dungeon Overview and Level Annotations

Branches:
Dungeon (9/15)             Temple (1/1) D:4            Lair (0/8) D:8
    Orc (0/4) D:9

Altars:
Cheibriados
Dithmenos
Elyvilon
Fedhas
Gozag
Kikubaaqudgha
Makhleb
Nemelex Xobeh
Okawaru
Qazlal
Ru
Sif Muna
Trog
Xom
Yredelemnul
Zin
The Shining One
Lugonu

Shops:
D:7 *:*[   D:9 }


Innate Abilities, Weirdness & Mutations

You are tiny and cannot use many weapons and most armour.
You have supernaturally acute eyesight.
You are a herbivore.
You cover ground extremely quickly.
You need consume almost no food.


Message History

A scorpion comes into view.
The scorpion moves out of view.
You see here 5 stones.
Casting: Confuse
Confirm with . or Enter, or press ? or * to list all spells.
Aiming: Ensorcelled Hibernation
Press: ? - help, Shift-Dir - straight line, f - scorpion
Aim: a scorpion (hasn't noticed you, chance 72%)
The scorpion looks drowsy...
The helpless scorpion fails to defend itself.
You perforate the scorpion like a sieve!!!
You kill the scorpion!
Kikubaaqudgha accepts your kill.
Magic restored.
An orc comes into view.
The helpless orc fails to defend itself.
You perforate the orc like a sieve!!!
You kill the orc!
Kikubaaqudgha accepts your kill.
Are you sure you want to abandon this character and quit the game? (Confirm with "yes".)

.<.## ##.##
#### ##.###
#### ##..#
####..## ##..#
##...#..##
##..#
##..#####.#
### ...## #.##
####
..#######..#
#.[#
#####.....##
##@# #......#
##.##
#......####.##
#..........##
##.#########
##### ##..##
#### .....##
####..##
###...##
###......


There were no monsters in sight!

Vanquished Creatures
  4 skeletal warriors (D:9)
  A two-headed ogre (D:8)
  A wraith (D:7)
  A hungry ghost (D:7)
  2 porcupines (D:8)
  A sky beast (D:8)
  3 orc warriors
  A black bear (D:8)
  5 ogres
  2 necrophages (D:9)
  A crocodile (D:7)
  2 big kobolds (D:8)
  2 elf zombies (D:9)
  6 giant frogs
  3 centaurs
  A gnoll sergeant (D:7)
  12 scorpions
  A killer bee (D:7)
  A wyvern skeleton (D:8)
  5 wights
  A giant frog zombie (D:7)
  4 crimson imps
  A quasit (D:5)
  4 human zombies (D:9)
  4 orc priests
  A jelly (D:7)
  A giant frog skeleton (D:5)
  6 hounds
  7 iguanas
  6 worker ants
  3 hell rats (D:8)
  3 mummies (D:9)
  Robin (D:2)
  A worker ant zombie (D:9)
  13 gnolls
  12 adders
  2 giant mites
  2 shadow imps
  2 worms
  2 adder skeletons
  7 giant geckos
  An ooze (D:6)
  23 orcs
  A bat skeleton (D:5)
  6 giant cockroaches
  13 goblins
  22 hobgoblins
  6 jackals
  16 kobolds
  4 quokkas
  A ball python zombie (D:5)
  15 bats
  A giant gecko skeleton (D:4)
  12 giant newts
  2 giant spores
  A jackal skeleton (D:8)
  An orc zombie (D:9)
  A quokka skeleton (D:9)
  16 rats
  7 ballistomycetes
287 creatures vanquished.

Notes
Turn   | Place    | Note
--------------------------------------------------------------
     0 | D:1      | joy, the Spriggan Enchanter, began the quest for the Orb.
     0 | D:1      | Reached XP level 1. HP: 9/9 MP: 4/4
   199 | D:1      | Reached XP level 2. HP: 13/13 MP: 7/7
   585 | D:1      | Reached skill level 5 in Stealth
   827 | D:1      | Reached XP level 3. HP: 16/16 MP: 9/9
  1929 | D:2      | Noticed Robin
  1961 | D:2      | Learned a level 2 spell: Ensorcelled Hibernation
  2670 | D:2      | Killed Robin
  2670 | D:2      | Reached skill level 6 in Stealth
  2670 | D:2      | Reached XP level 4. HP: 11/21 MP: 6/12
  2907 | D:3      | Learned a level 3 spell: Confuse
  3303 | D:3      | Found a snail-covered altar of Cheibriados.
  3320 | D:3      | Found a burning altar of Makhleb.
  3322 | D:3      | Found a glowing silver altar of Zin.
  3322 | D:3      | Noticed an angel
  3322 | D:3      | Noticed a cacodemon
  3432 | D:3      | Reached skill level 7 in Stealth
  3432 | D:3      | Reached XP level 5. HP: 24/24 MP: 9/14
  4044 | D:4      | Reached XP level 6. HP: 28/28 MP: 14/17
  4050 | D:4      | Noticed an ogre
  4066 | D:4      | Reached skill level 8 in Stealth
  4103 | D:4      | Killed an ogre
  4117 | D:4      | Reached skill level 5 in Short Blades
  4310 | D:4      | Reached skill level 9 in Stealth
  4571 | D:4      | Reached XP level 7. HP: 30/32 MP: 15/20
  4632 | D:4      | Reached skill level 10 in Stealth
  4972 | D:4      | Reached skill level 5 in Spellcasting
  5058 | D:4      | Found a staircase to the Ecumenical Temple.
  5076 | Temple   | Entered the Ecumenical Temple
  5092 | Temple   | Became a worshipper of Kikubaaqudgha
  5152 | D:4      | Found a glowing golden altar of the Shining One.
  5188 | D:5      | Entered Level 5 of the Dungeon
  5324 | D:5      | Found a shadowy altar of Dithmenos.
  5670 | D:5      | Reached XP level 8. HP: 36/36 MP: 17/25
  5792 | D:5      | Reached skill level 5 in Hexes
  6429 | D:6      | Acquired Kikubaaqudgha's first power
  6429 | D:6      | Received a gift from Kikubaaqudgha
  6454 | D:6      | Identified Kikubaaqudgha's Compendium of Evil (Kikubaaqudgha gifted it to you on level 6 of the Dungeon)
  6585 | D:6      | Found an iron altar of Okawaru.
  7069 | D:7      | Found Clius' Antique Armour Boutique.
  7073 | D:7      | Bought a shiny buckler for 139 gold pieces
  7284 | D:7      | Found a shimmering altar of Xom.
  7377 | D:7      | Found Shrizugiu's Assorted Antiques.
  7403 | D:7      | Bought a scroll labeled YTTEEM WAIKE for 18 gold pieces
  7403 | D:7      | Bought a brown potion for 16 gold pieces
  7403 | D:7      | Bought 2 sapphire potions for 32 gold pieces
  7403 | D:7      | Bought a fluorescent wand for 72 gold pieces
  7403 | D:7      | Bought a wand of polymorph for 36 gold pieces
  7680 | D:7      | Found Suweav's Book Shop.
  7688 | D:7      | Learned a level 1 spell: Pain
  8038 | D:7      | Found a stormy altar of Qazlal.
  8083 | D:7      | Reached XP level 9. HP: 37/39 MP: 24/29
  8111 | D:7      | Found a white marble altar of Elyvilon.
  8134 | D:7      | Acquired Kikubaaqudgha's second power
  8591 | D:7      | Found Loagaecs' General Store.
  9083 | D:8      | Found a basalt altar of Yredelemnul.
  9335 | D:8      | Found a staircase to the Lair.
 10045 | D:8      | Reached skill level 10 in Spellcasting
 10313 | D:8      | Received a gift from Kikubaaqudgha
 10316 | D:8      | Identified Kikubaaqudgha's Grimoire of Evil (Kikubaaqudgha gifted it to you on level 8 of the Dungeon)
 10404 | D:8      | Reached skill level 10 in Hexes
 10404 | D:8      | Reached XP level 10. HP: 44/44 MP: 28/31
 10494 | D:8      | Reached skill level 1 in Ice Magic
 10807 | D:9      | Found Idiag's Gadget Emporium.
 10955 | D:9      | Found a staircase to the Orcish Mines.
 11115 | D:9      | Noticed a skeletal warrior
 11200 | D:9      | Reached skill level 5 in Necromancy
 11209 | D:9      | Found a bloodstained altar of Trog.
 11210 | D:9      | Noticed a skeletal warrior
 11210 | D:9      | Noticed a skeletal warrior
 11392 | D:9      | Got a faintly glowing bone ring
 11394 | D:9      | Identified the ring "Eharee" {Contam +Inv rF++ Int+5 Dex+5 SInv} (You found it on level 9 of the Dungeon)
 11474 | D:9      | Noticed a skeletal warrior
 11481 | D:9      | Killed a skeletal warrior
 11482 | D:9      | Killed a skeletal warrior
 11484 | D:9      | Killed a skeletal warrior
 11484 | D:9      | Reached skill level 5 in Ice Magic
 11485 | D:9      | Killed a skeletal warrior
 11799 | D:9      | Found a basalt altar of Yredelemnul.
 12036 | D:9      | Learned a level 3 spell: Dazzling Spray
 12130 | D:9      | Quit the game

Action                   |  1- 3 |  4- 6 |  7- 9 | 10-12 || total
-------------------------+-------+-------+-------+-------++-------
Melee: Dagger            |    22 |       |    69 |   158 ||   249
       Short sword       |   181 |   112 |   311 |       ||   604
Throw: Throwing net      |     1 |       |     3 |       ||     4
 Cast: Ensorcelled Hiber |     2 |    18 |   133 |    18 ||   171
       Confuse           |       |     2 |    28 |    11 ||    41
       Pain              |       |       |    15 |     5 ||    20
Invok: Receive Corpses   |       |       |     1 |       ||     1
 Abil: Evoke Invisibilit |       |       |       |     1 ||     1
       Turn Visible      |       |       |       |     1 ||     1
Evoke: Wand              |       |       |     2 |       ||     2
  Use: Scroll            |     4 |       |     1 |       ||     5
       Potion            |       |       |       |     6 ||     6
 Stab: Sleeping          |    12 |    25 |    91 |    30 ||   158
       Held in net/web   |     1 |       |     2 |       ||     3
       Distracted        |       |     2 |     5 |       ||     7
       Confused          |       |       |    11 |    11 ||    22
       Invisible         |       |       |       |     1 ||     1
  Eat: Pizza             |       |     1 |       |     1 ||     2
       Fruit             |       |     1 |       |     1 ||     2
       Bread ration      |       |       |     1 |       ||     1
